 Dungeon Crawl Stone Soup version 0.31-a0-1278-g11c5b68f87 (webtiles) character file.

Game seed: 7282346904239296370

42 timneilson the Ruffian (level 3, 0/24 HPs)
             Began as an Octopode Shapeshifter on Dec 17, 2023.
             Slain by a quokka (5 damage)
             ... on level 2 of the Dungeon.
             The game lasted 00:01:40 (780 turns).

timneilson the Ruffian (Octopode Shapeshifter)       Turns: 780, Time: 00:01:41

Health: 0/24       AC:  1    Str: 15    XL:     3   Next: 56%
Magic:  3/3        EV: 13    Int: 12    God:
Gold:   55         SH:  0    Dex: 11    Spells: 2/2 levels left

rFire   . .          .
                       - Unarmed
rCold   . . .        (no shield)
rNeg    . . .        (helmet currently unavailable)
rPois   .            (no amulet)
rElec   .            (no ring)
rCorr   .            (no ring)
SInv    .            (no ring)
Will    .....        (no ring)
Stlth   +++          (no ring)
HPRegen 0.24/turn    (no ring)
MPRegen 0.08/turn    (no ring)
                     (no ring)

%: no passive effects
@: lethally poisoned (0 -> -1), beast-form
A: beast (slay +1), almost no armour, amphibious, 8 rings, camouflage 1,
gelatinous body 1, (nimble swimmer 1), tentacles
a: Begin Untransformation


You were on level 2 of the Dungeon.
You were a hulking beast.
You visited 1 branch of the dungeon, and saw 2 of its levels.

You collected 55 gold pieces.

Inventory:

Talismans
 b - a beast talisman
 c - a flux talisman
Scrolls
 f - a scroll of identify {unknown}
 h - 2 scrolls of immolation
Potions
 a - a potion of lignification
 d - a potion of curing {unknown}
 e - a potion of attraction {unknown}
 g - a potion of brilliance {unknown}


   Skills:
 * Level 1.7 Fighting
 * Level 2.4 Dodging
 + Level 1.4 Stealth
 * Level 3.3 Unarmed Combat
 * Level 3.2 Shapeshifting


You had 2 spell levels left.
You didn't know any spells.
Your spell library was empty.

Dungeon Overview and Level Annotations

Branches:
Dungeon (2/15)

Altars:


Innate Abilities, Weirdness & Mutations

You are a hulking beast.
Your limbs bulge with bestial killing power. (Slay +1)
You cannot wear most types of armour.
You are amphibious.
You can wear up to eight rings at the same time.
Your skin changes colour to match your surroundings (Stealth+).
Your rubbery body absorbs attacks. (AC +1, EV +1)
((You are camouflaged when in or above water. (Stealth+)))
You have tentacles for arms and can constrict up to eight enemies at once.


Message History

You bludgeon the hobgoblin!
You kill the hobgoblin!
The giant cockroach closely misses you.
You tentacle-slap the giant cockroach. Your grab misses the giant cockroach.
You squeeze the giant cockroach.
You kill the giant cockroach!
You see here a hobgoblin corpse.
A quokka comes into view.
Found 5 gold pieces.
The helpless adder fails to defend itself.
You tentacle-slap the adder. Your grab misses the adder.
The adder is moderately wounded.
The adder bites you.
You are poisoned.
The adder poisons you!
You closely miss the adder. You grab the adder.
The adder is moderately wounded.
You constrict the adder.
You feel sick. The adder closely misses you. x2
You tentacle-slap the adder. x2
The adder is almost dead.
You constrict the adder.
You kill the adder!
You feel sick.
You tentacle-slap the quokka. Your grab misses the quokka.
Your squeeze misses the quokka.
The quokka is moderately wounded.
You feel sick. The quokka barely misses you. The quokka bites you.
* * * LOW HITPOINT WARNING * * *
You closely miss the quokka. Your grab misses the quokka.
The quokka is moderately wounded.
You feel sick. The quokka closely misses you.
You completely miss the quokka. Your grab misses the quokka.
Your squeeze misses the quokka.
The quokka is moderately wounded.
You feel sick. The quokka barely misses you.
Unknown command.
You miss the quokka. You grab the quokka.
The quokka is moderately wounded.
You constrict the quokka.
You feel sick. The quokka bites you.
You die...

#. ###.## #..
#....# #..
#....# #...
#....####.
#...##.........
#.......(......
#....†........
#...$rh.......
#...##....####
#. #....#
#....# ###†...#
#......#
####.######
#....# ##.####


You could see a quokka.

Vanquished Creatures
  An adder (D:2)
  A dart slug (D:1)
  2 endoplasms (D:1)
  A giant cockroach (D:2)
  2 goblins (D:1)
  10 hobgoblins
  A ball python (D:1)
  3 bats
  4 frilled lizards (D:1)
  2 kobolds (D:1)
  3 rats
30 creatures vanquished.

Notes
Turn   | Place    | Note
-------+----------+-------------------------------------------
     0 | D:1      | timneilson the Octopode Shapeshifter began the quest for
                  | the Orb.
     0 | D:1      | Reached XP level 1. HP: 13/13 MP: 1/1
   139 | D:1      | Reached XP level 2. HP: 18/18 MP: 2/2
   262 | D:1      | Reached skill level 1 in Stealth
   431 | D:1      | Reached XP level 3. HP: 23/23 MP: 3/3
   780 | D:2      | Slain by a quokka

Illustrated notes

Levels and vault maps discovered:
D:1:      matt_arrival_los_fun, layout_rooms
D:2:      wad_lake_hut, layout_basic, hex_large

Skill      XL: |  1  2 |
---------------+-------+-----
Stealth        | 1 |  1.4
Fighting       | |  1.7
Dodging        | |  2.4
Unarmed Combat | |  3.3
Shapeshifting  | |  3.2

Action                     || total
---------------------------++-------
  Melee: Unarmed           ||    62
         Constrict         ||    18
         Tentacles         ||     8
         Punch             ||     1
    Use: Scroll            ||     2
   Stab: Sleeping          ||     3
 Armour: Skin              ||    24
  Dodge: Dodged            ||    35

Table legend: (Time is in decaauts)
 A = Elapsed time spent in this place.
 B = Non-inter-level travel time spent in this place.
 C = Inter-level travel time spent in this place.
 D = Time resting spent in this place.
 E = Time spent auto-exploring this place.
 F = Levels seen in this place.
 G = Mean time per level.
                   A        B        C        D        E       F      G
               +--------+--------+--------+--------+--------+-----+--------+
         Total |    775 |    741 |     34 |      0 |    511 |   2 |  387.5 |
       Dungeon |    775 |    741 |     34 |      0 |    511 |   2 |  387.5 |
               +--------+--------+--------+--------+--------+-----+--------+

Top non-repeatable levels by time:
     D:1: 619 daAuts
     D:2: 156 daAuts
